 Dungeon Crawl Stone Soup version 0.31-a0-369-g8eba5f6939 (webtiles) character file.

Game seed: 6319071553311106147

20661 floatRand the Black Belt (level 12, -12/99 HPs)
             Began as a Red Draconian Shapeshifter on July 29, 2023.
             Was a High Priest of Wu Jian.
             Mangled by a death yak (17 damage)
             ... led by a torpor snail
             ... on level 2 of the Lair of Beasts.
             The game lasted 00:17:17 (10505 turns).

floatRand the Black Belt (DrSh)                    Turns: 10505, Time: 00:17:17

Health: -12/99     AC: 13    Str: 22    XL:     12   Next: 47%
Magic:  12/12      EV: 12    Int:  9    God:    Wu Jian [*****.]
Gold:   848        SH:  0    Dex: 17    Spells: 11/11 levels left

rFire   . .          .
                       - Unarmed
rCold   . . .        (shield currently unavailable)
rNeg    . . .        (body armour unavailable)
rPois   +            (helmet currently unavailable)
rElec   .            (cloak currently unavailable)
rCorr   .            (gloves currently unavailable)
SInv    .            (boots currently unavailable)
Will    .....        p - amulet of regeneration
Stlth   +++          j - +4 ring of protection
HPRegen 1.16/turn    o - ring of poison resistance
MPRegen 0.13/turn

%: no passive effects
@: snake-form, hasted and slowed
A: constrict, boosted hp, (breathe fire), AC +8, large, unfitting armour, (fire
resistance 1), (cold-blooded)
a: Begin Untransformation, Renounce Religion, Wall Jump, Serpent's Lash,
Heavenly Storm


You were on level 2 of the Lair of Beasts.
You worshipped Wu Jian.
Wu Jian was extremely pleased with you.
You were an enormous anaconda.
You visited 2 branches of the dungeon, and saw 13 of its levels.

You collected 848 gold pieces.

Inventory:

Hand Weapons
 r - a +0 short sword
Armour
 e - a +2 pair of boots
 u - the +3 hat of Pondering {ponderous, Will+ MP+10 Int+5}
   (You took it off Gastronok on level 8 of the Dungeon)

   Int:       It affects your intelligence (+5).
   MP:        It affects your magic capacity (+10).
   Will:      It increases your willpower.
Jewellery
 f - an amulet of reflection
 j - a +4 ring of protection (left hand)
 k - a +4 ring of protection
 o - a ring of poison resistance (right hand)
 p - an amulet of regeneration (around neck)
 w - a ring of wizardry
 B - a +5 ring of evasion
 D - a +6 ring of strength
 H - a +4 ring of protection
Talismans
 b - a beast talisman
 C - a serpent talisman
Wands
 m - a wand of roots (20)
 q - a wand of polymorph (9)
 s - a wand of flame (25)
 x - a wand of digging (7)
 y - a wand of charming (20)
Scrolls
 h - 4 scrolls of revelation
 n - 2 scrolls of enchant armour
 F - 2 scrolls of identify
Potions
 a - a potion of lignification
 c - a potion of haste
 d - 2 potions of brilliance
 g - a potion of attraction
 i - a potion of enlightenment
 l - 5 potions of curing
 t - a potion of ambrosia
 z - a potion of might {unknown}
 A - a potion of resistance {unknown}
 G - a potion of mutation {unknown}


   Skills:
 - Level 1.1 Fighting
 + Level 5.2 Dodging
 + Level 5.1 Stealth
 * Level 16.0 Unarmed Combat
 + Level 10.2 Shapeshifting


You had 11 spell levels left.
You didn't know any spells.
Your spell library contained the following spells:

 Spells                   Type           Power      Damage    Failure   Level
 Freeze                   Ice            0%         1d3       38%         1
 Sublimation of Blood     Necr           0%         N/A       52%         2
 Wereblood                Tmut           0%         N/A       52%         2
 Dazzling Flash           Conj/Hex       0%         N/A       77%         3
 Frozen Ramparts          Ice            0%         1d1       77%         3
 Hailstorm                Conj/Ice       0%         3d3       77%         3
 Summon Guardian Golem    Hex/Summ       0%         N/A       77%         3
 Volatile Blastmotes      Fire/Tloc      0%         2d10      77%         3
 Starburst                Conj/Fire      0%         6d3       100%        6
 Orb of Destruction       Conj           0%         9d5       100%        7
 Spellforged Servitor     Conj/Summ      0%         N/A       100%        7
 Summon Hydra             Summ           0%         N/A       100%        7
 Maxwell's Capacitive Co  Air            0%         ∞         100%        8


Dungeon Overview and Level Annotations

Branches:
Dungeon (11/15)            Temple (0/1) D:6            Lair (2/5) D:11
  Swamp: Lair:2-3    Shoals: Lair:2-3     Snake: Lair:2-3    Spider: Lair:2-3
    Orc: D:9-12

Altars:
Ashenzari
Fedhas
Gozag
Kikubaaqudgha
Nemelex Xobeh
Okawaru
Qazlal
Trog
Wu Jian
Yredelemnul
The Shining One

Shops:
D:3 [   D:8 (   D:11 (

Portals:
Abyss: D:11

Annotations:
D:2 1 runed translucent door, Crazy Yiuf
D:10 3 runed translucent doors, Glaciallarry's ghost, novice DrSh
D:11 2 transporters, floatRand's ghost, journeyman DrSh
Lair:2 Urug


Innate Abilities, Weirdness & Mutations

You are an enormous anaconda.
You have a powerful constriction melee attack.
Your maximum health is increased.
Your armour is entirely melded.
You are incapable of wielding weapons or throwing items.
((You can breathe blasts of fire.))
((Your fiery red scales are hard. (AC +8)))
You cannot fit into any form of body armour.
((Your flesh is heat resistant. (rF+)))
((You are cold-blooded and may be slowed by cold attacks.))


Message History

You spin and attack the death yak repeatedly.
You lash the death yak!
The death yak is severely wounded.
You lash the death yak!
The death yak is almost dead.
You constrict the torpor snail.
The death yak gores you but does no damage.
The torpor snail bites you but does no damage.
The guardian serpent completely misses you.
Okay, then.
You release your grip on the torpor snail.
You spin and attack the guardian serpent.
You body-slam the guardian serpent!!
You kill the guardian serpent!
The Council accepts your kill. The basilisk gazes at you.
You resist with some effort.
Your cane toad stings the basilisk!!
Your Unarmed Combat skill increases to level 16!
Unknown command.
The death yak attacks as you move away! The death yak misses you.
The basilisk gazes at your cane toad.
Your cane toad resists with significant effort.
Your cane toad stings the basilisk!
The basilisk dies!
The Council accepts your kill.
Unknown command.
The death yak attacks as you move away! The death yak gores you!
* * * LOW HITPOINT WARNING * * *
You feel yourself speed up.
A nearby fungus withers and dies.
Something hits your death yak!!
Unknown command.
Okay, then.
Okay, then.
Okay, then.
Okay, then.
Your death yak is no longer moving slowly.
Being near the torpor snail leaves you feeling lethargic.
The death yak gores the fungus!!
The fungus begins to die.
The death yak attacks as you move away! The death yak gores you!
You die...

##♣ #~~ ♣~P ♣~~ ### ♣.P
############ #.### ####..
###.#.#.#..#P########..####.#...
#..........†w..S††..............
#...#P.P†#.#..Y#########.....##.
#.....Y....##..# #.....###
##.....YYF...Y..#########.....#
#
#P..YoP......P..+.....##......#
#
#....##.....#.....#...###.....#
# ##..§##.....##...#....#
#.....# # #YY.##.....##....#...#
#.....# #
##.YY##..#..~~~....##.# #......#


You could see 2 death yaks and a torpor snail.

Vanquished Creatures
  Gastronok (D:8)
  A two-headed ogre (D:11)
  A tengu warrior (D:11)
  Pikel (D:5)
  A deep elf pyromancer (D:7)
  2 black mambas (Lair:1)
  Maurice (D:8)
  A guardian serpent (Lair:2)
  3 elephants (Lair:2)
  A gargoyle (D:11)
  Psyche (D:8)
  A cane toad (Lair:1)
  A rime drake (Lair:2)
  Maggie (D:6)
  2 komodo dragons (Lair:1)
  2 hornets
  Grinder (D:6)
  2 blink frogs (Lair:1)
  Prince Ribbit (D:8)
  Sigmund (D:5)
  2 shadows
  A wraith (D:11)
  19 yaks
  Eustachio (D:5)
  A wyvern (Lair:1)
  2 steam dragons
  A basilisk (Lair:1)
  2 ynoxinuls (D:9)
  Menkaure (D:4)
  Edmund (D:5)
  8 water moccasins
  3 sky beasts
  5 orc warriors
  2 black bears (D:11)
  2 ice beasts
  An ogre (D:6)
  14 wolves
  3 centaurs
  2 lemures (D:4)
  5 kobold brigands
  9 bullfrogs
  3 gnoll sergeants
  8 scorpions
  8 wights
  3 killer bees (D:10)
  5 howler monkeys
  2 jellies
  A gnoll bouda (D:8)
  An orc priest (D:10)
  2 hounds
  Jessica (D:3)
  Ijyb (D:5)
  Natasha (thrice) (D:4 D:6)
  2 iguanas
  A sleepcap (D:5)
  9 orc wizards
  20 gnolls
  2 adders (D:3)
  5 shadow imps (D:5)
  6 white imps
  5 ufetubi
  3 worms
  35 orcs
  5 endoplasms
  A giant cockroach (D:3)
  5 goblins
  4 hobgoblins
  4 jackals (D:2)
  30 kobolds
  3 quokkas (D:3)
  7 ball pythons
  3 bats
  8 frilled lizards
  4 rats
311 creatures vanquished.

Vanquished Creatures (collateral kills)
  Snorg (D:10)
  A yak (Lair:2)
  A basilisk (Lair:2)
3 creatures vanquished.

Vanquished Creatures (others)
  A blink frog (Lair:1)
  An orc wizard (D:11)
2 creatures vanquished.

Grand Total: 316 creatures vanquished

Notes
Turn   | Place    | Note
-------+----------+-------------------------------------------
     0 | D:1      | floatRand the Draconian Shapeshifter began the quest for
                  | the Orb.
     0 | D:1      | Reached XP level 1. HP: 16/16 MP: 1/1
   127 | D:1      | Reached XP level 2. HP: 23/23 MP: 2/2
   576 | D:1      | Reached XP level 3. HP: 23/28 MP: 3/3
   772 | D:2      | Reached skill level 4 in Unarmed Combat
   856 | D:2      | Found a runed translucent door.
   857 | D:2      | Noticed Crazy Yiuf
  1526 | D:3      | Noticed Jessica
  1529 | D:3      | Killed Jessica
  1530 | D:3      | Reached XP level 4. HP: 35/35 MP: 4/4
  1575 | D:3      | Found Goamema's Armour Shoppe.
  1667 | D:3      | Reached skill level 5 in Unarmed Combat
  1683 | D:3      | Reached XP level 5. HP: 40/40 MP: 5/5
  2241 | D:4      | Noticed Menkaure
  2254 | D:4      | Killed Menkaure
  2255 | D:4      | Reached skill level 6 in Unarmed Combat
  2255 | D:4      | Reached XP level 6. HP: 24/47 MP: 6/6
  2576 | D:4      | Noticed Natasha
  2582 | D:4      | Killed Natasha
  2594 | D:4      | Noticed Natasha
  2600 | D:4      | Killed Natasha
  2688 | D:4      | Noticed Natasha
  2700 | D:5      | Entered Level 5 of the Dungeon
  2703 | D:5      | Noticed Pikel
  2777 | D:5      | Killed Pikel
  2778 | D:5      | Reached skill level 7 in Unarmed Combat
  2778 | D:5      | Reached skill level 5 in Shapeshifting
  2778 | D:5      | Your scales start taking on a fiery red colour.
  2778 | D:5      | Reached XP level 7. HP: 40/52 MP: 7/7
  2778 | D:5      | Gained mutation: Your flesh is heat resistant. (rF+) [Red
                  | Draconian growth]
  2856 | D:5      | Noticed Edmund
  2878 | D:5      | Killed Edmund
  2879 | D:5      | Reached skill level 8 in Unarmed Combat
  2879 | D:5      | Reached XP level 8. HP: 13/59 MP: 8/8
  3124 | D:5      | Found an ornate altar of the Wu Jian Council.
  3147 | D:5      | Noticed Sigmund
  3164 | D:5      | Noticed a spectral centipede
  3164 | D:5      | Noticed a spectral black mamba
  3165 | D:5      | Became a worshipper of the Wu Jian Council
  3169 | D:5      | Killed Sigmund
  3198 | D:5      | Noticed Ijyb
  3214 | D:5      | Killed Ijyb
  3327 | D:5      | Reached skill level 9 in Unarmed Combat
  3347 | D:5      | Noticed Eustachio
  3363 | D:5      | Killed Eustachio
  3376 | D:5      | Reached * piety under Wu Jian
  3832 | D:6      | Noticed Maggie
  3839 | D:6      | Killed Maggie
  3840 | D:6      | Reached skill level 10 in Unarmed Combat
  3840 | D:6      | Reached XP level 9. HP: 33/64 MP: 9/9
  3912 | D:6      | Killed Natasha
  4169 | D:6      | Noticed Grinder
  4169 | D:6      | Paralysed by Grinder for 3 turns
  4177 | D:6      | Paralysed by Grinder for 3 turns
  4187 | D:6      | Killed Grinder
  4188 | D:6      | Reached skill level 11 in Unarmed Combat
  4293 | D:6      | Found a staircase to the Ecumenical Temple.
  4683 | D:7      | Reached ** piety under Wu Jian
  4756 | D:7      | Noticed a deep elf pyromancer
  4770 | D:7      | Killed a deep elf pyromancer
  4936 | D:7      | Reached skill level 12 in Unarmed Combat
  5217 | D:8      | Found Pouh's Weapon Shop.
  5233 | D:8      | Reached XP level 10. HP: 55/71 MP: 10/10
  5296 | D:8      | Noticed Gastronok
  5310 | D:8      | Killed Gastronok
  5343 | D:8      | Noticed Prince Ribbit
  5355 | D:8      | Killed Prince Ribbit
  5356 | D:8      | Reached skill level 13 in Unarmed Combat
  5370 | D:8      | Found a blossoming altar of Fedhas.
  5370 | D:8      | Found a broken altar of Ashenzari.
  5370 | D:8      | Found an ancient bone altar of Kikubaaqudgha.
  5376 | D:8      | Found a bloodstained altar of Trog.
  5390 | D:8      | Found a glowing golden altar of the Shining One.
  5390 | D:8      | Found an iron altar of Okawaru.
  5391 | D:8      | Found a sparkling altar of Nemelex Xobeh.
  5392 | D:8      | Found a stormy altar of Qazlal.
  5392 | D:8      | Found a basalt altar of Yredelemnul.
  5392 | D:8      | Found an opulent altar of Gozag.
  5521 | D:8      | Noticed Psyche
  5527 | D:8      | Killed Psyche
  5613 | D:8      | Noticed Maurice
  5672 | D:8      | Killed Maurice
  5852 | D:8      | Reached *** piety under Wu Jian
  6258 | D:9      | Reached skill level 14 in Unarmed Combat
  6266 | D:9      | Reached XP level 11. HP: 77/77 MP: 11/11
  6640 | D:9      | Identified the +4 war axe of Terrible Courage {spect, Drain
                  | rF+ rN+}
  7183 | D:10     | Entered Level 10 of the Dungeon
  7250 | D:10     | Reached **** piety under Wu Jian
  7256 | D:10     | Noticed a fire giant
  7278 | D:10     | Noticed Glaciallarry's ghost (novice DrSh)
  7280 | D:10     | Found a runed translucent gate.
  7281 | D:10     | Found a runed translucent gate.
  7281 | D:10     | Found a runed translucent gate.
  7413 | D:10     | Paralysed by a hornet for 3 turns
  7470 | D:10     | Reached skill level 1 in Stealth
  7604 | D:10     | Noticed Snorg
  7619 | D:10     | Killed Snorg
  8177 | D:11     | Noticed a two-headed ogre
  8180 | D:11     | Noticed a tengu warrior
  8268 | D:11     | Found Pasto's Antique Weapon Shop.
  8351 | D:11     | Killed a two-headed ogre
  8380 | D:11     | Found a staircase to the Lair.
  8461 | D:11     | Killed a tengu warrior
  8462 | D:11     | Reached skill level 15 in Unarmed Combat
  8738 | D:11     | Found a one-way gate to the infinite horrors of the Abyss.
  8738 | D:11     | Noticed floatRand's ghost (journeyman DrSh)
  8742 | D:11     | Found a transporter.
  8746 | D:11     | Found a transporter.
  8767 | D:11     | Noticed a hell hog
  9358 | Lair:1   | Entered Level 1 of the Lair of Beasts
  9613 | Lair:1   | Reached XP level 12. HP: 83/83 MP: 12/12
 10182 | Lair:2   | Reached skill level 10 in Shapeshifting
 10186 | Lair:2   | Reached ***** piety under Wu Jian
 10365 | Lair:2   | Reached skill level 5 in Dodging
 10409 | Lair:2   | Noticed a death yak
 10409 | Lair:2   | Noticed a death yak
 10479 | Lair:2   | Reached skill level 5 in Stealth
 10491 | Lair:2   | Noticed Urug
 10500 | Lair:2   | Reached skill level 16 in Unarmed Combat
 10501 | Lair:2   | HP: 1/99 [death yak[a torpor snail] (13)]
 10505 | Lair:2   | Mangled by a death yak

Illustrated notes

Levels and vault maps discovered:
D:1:      mrwooster_arrival_statue, layout_loops_cross, supply_closet_lemuel
D:2:      layout_loops_cross, nicolae_underground_beach, uniq_crazy_yiuf_cottage
D:3:      layout_rooms, serial_shops, shop, uniq_jessica
D:4:      layout_basic, uniq_natasha, uniq_menkaure
D:5:      layout_rooms, pdpol_wu_jian_five_deadly_venoms, serial_demonic,
          serial_demonic_a, serial_demonic_b, serial_demonic_g,
          serial_demonic_b, uniq_eustachio, uniq_sigmund, uniq_ijyb, uniq_pikel,
          uniq_edmund
D:6:      layout_loops_ring, temple_doors_e, lightli_corner_chamber,
          uniq_grinder, uniq_maggie
D:7:      nicolae_cairo_tiling_large_dashed, layout_basic,
          minmay_misc_feat_enclosed
D:8:      layout_basic, overflow_temple_1_default, nicolae_overflows_in_rows,
          serial_shops, nicolae_shop_rolling_square, uniq_gastronok,
          uniq_psyche, uniq_prince_ribbit1, uniq_maurice
D:9:      layout_basic, nicolae_fort_ynox
D:10:     layout_loops_ring, gammafunk_ghost_split, uniq_snorg
D:11:     layout_loops_ring, due_lair_maze_entry_diamond, serial_shops, shop,
          gammafunk_ghost_abyssal_escape, grunt_ministairs_2, dk_noncrumbling_4
Lair:1:   layout_roguey, mumra_transporter_accident
Lair:2:   layout_regular_city, minmay_snake_entry_spellcaster,
          infiniplex_staircase_pool_2, grunt_megastairs_2, serial_bayou_shore_b,
          uniq_urug

Skill      XL: |  1  2  3  4  5  6  7  8  9 10 11 12 |
---------------+-------------------------------------+-----
Unarmed Combat | 4 5 6 7 8 10 12 14 15 16 | 16.0
Shapeshifting  | 4 5 6 7 8 9 10 | 10.2
Dodging        | 4 5 |  5.2
Stealth        | 3 5 |  5.1
Fighting       | |  1.1

Action                     |  1- 3 |  4- 6 |  7- 9 | 10-12 || total
---------------------------+-------+-------+-------+-------++-------
  Melee: Unarmed           |    75 |   109 |   219 |   481 ||   884
         Tailslap          |     5 |    13 |    30 |    41 ||    89
         Punch             |     1 |     1 |    17 |    27 ||    46
         Constrict         |       |       |       |    43 ||    43
Ability: Breathe Fire      |       |       |     5 |     5 ||    10
         Lunge             |       |       |    22 |    43 ||    65
         Whirlwind         |       |       |     7 |    17 ||    24
         Wall Jump         |       |       |       |     1 ||     1
  Evoke: Wand              |       |       |       |     1 ||     1
    Use: Scroll            |     5 |     2 |     6 |    10 ||    23
         Potion            |       |     1 |       |     1 ||     2
   Stab: Sleeping          |     2 |       |     1 |     9 ||    12
 Armour: Skin              |    21 |    23 |    74 |   196 ||   314
  Dodge: Dodged            |    36 |    52 |   106 |   224 ||   418
  Block: Other             |    12 |    20 |     8 |       ||    40
   Form: Anaconda          |       |       |       |     1 ||     1

Table legend: (Time is in decaauts)
 A = Elapsed time spent in this place.
 B = Non-inter-level travel time spent in this place.
 C = Inter-level travel time spent in this place.
 D = Time resting spent in this place.
 E = Time spent auto-exploring this place.
 F = Levels seen in this place.
 G = Mean time per level.
                   A        B        C        D        E       F      G
               +--------+--------+--------+--------+--------+-----+--------+
         Total |  10396 |   9670 |    726 |    826 |   6489 |  13 |  799.7 |
       Dungeon |   9288 |   8601 |    687 |    676 |   5909 |  11 |  844.4 |
          Lair |   1108 |   1070 |     38 |    150 |    580 |   2 |  554.0 |
               +--------+--------+--------+--------+--------+-----+--------+

Top non-repeatable levels by time:
     D:9: 1157 daAuts
    D:10: 1069 daAuts
     D:5: 958 daAuts
     D:4: 901 daAuts
     D:8: 868 daAuts
     D:6: 841 daAuts
     D:2: 790 daAuts
     D:1: 775 daAuts
    D:11: 757 daAuts
     D:7: 754 daAuts
  Lair:1: 725 daAuts
     D:3: 413 daAuts
  Lair:2: 383 daAuts
